 Dungeon Crawl Stone Soup version 0.20-a0-1124-g2e29d97 (webtiles) character file.

23347 JiminyMac the Severer (level 12, 0/115 HPs)
             Began as a Minotaur Berserker on May 15, 2017.
             Was a High Priest of Trog.
             Slain by a wyvern (7 damage)
             ... on level 6 of the Lair of Beasts.
             The game lasted 00:43:14 (14249 turns).

JiminyMac the Severer (Minotaur Berserker)         Turns: 14249, Time: 00:43:15

Health: 0/115      AC: 24    Str: 26    XL:     12   Next: 71%
Magic:  11/11      EV:  6    Int:  4    God:    Trog [*****.]
Gold:   889        SH:  0    Dex: 11    Spells: 11/11 levels left

rFire    . . .     SeeInvis .   V - +1 battleaxe
rCold    . . .     Gourm    +   (shield currently unavailable)
rNeg     . . .     Faith    .   a - +1 crystal plate armour
rPois    +         Spirit   .   (helmet restricted)
rElec    .         Reflect  .   (no cloak)
rCorr    .         Harm     .   (no gloves)
MR       ++...                  L - +0 pair of boots
Stlth    ..........             r - amulet of the gourmand
Regen    1.3/turn               F - +3 ring of slaying
MPRegen  0.2/turn               R - ring of poison resistance

@: lethally poisoned (0 -> -12), regenerating, slowed, very slow
A: retaliatory headbutt, horns 2
a: Berserk, Trog's Hand, Brothers in Arms, Burn Spellbooks, Renounce Religion


You were on level 6 of the Lair of Beasts.
You worshipped Trog.
Trog was extremely pleased with you.
You were very full.

You visited 2 branches of the dungeon, and saw 16 of its levels.

You collected 889 gold pieces.

Inventory:

Hand Weapons
 V - a +1 battleaxe (weapon)
Missiles
 q - 4 steel tomahawks (quivered)
Armour
 a - a +1 crystal plate armour (worn)
 e - a +0 plate armour
 L - a +0 pair of boots (worn)
Jewellery
 r - an amulet of the gourmand (around neck)
 F - a +3 ring of slaying (left hand)
 O - an uncursed ring of fire
 R - a ring of poison resistance (right hand)
Wands
 v - a wand of enslavement (20/24)
 w - a wand of lightning (11/15)
 y - a wand of flame (30/48)
 G - a wand of confusion (17/48)
 H - a wand of flame (21/48)
 Q - a wand of disintegration (6/24)
 S - a wand of acid (6/15)
 Z - a wand of lightning (7/15)
Scrolls
 i - 2 scrolls of magic mapping
 j - a scroll of blinking
 k - a scroll of recharging
 l - a scroll of fear
 z - 3 scrolls of enchant weapon
 B - 13 scrolls of remove curse
 E - 2 scrolls of immolation
 I - a scroll of identify
 J - a scroll of enchant armour
 K - a scroll of fog {unknown}
 M - 2 scrolls of teleportation
Potions
 f - 3 potions of agility
 g - 2 potions of degeneration {unknown}
 h - 3 potions of haste
 m - 8 potions of curing
 n - a potion of lignification {unknown}
 o - 2 potions of berserk rage {unknown}
 p - 2 potions of cancellation {unknown}
 t - a potion of resistance {unknown}
 u - 8 potions of heal wounds
 x - a potion of brilliance {unknown}
 C - a potion of flight {unknown}
 N - 2 potions of mutation {unknown}
 W - a potion of invisibility {unknown}
Books
 D - a book of Geomancy

   Spells                             Type                      Level
   a - Sandblast                      Earth                        1
   b - Passwall                       Transmutation/Earth          2
   c - Stone Arrow                    Conjuration/Earth            3
   d - Petrify                        Transmutation/Earth          4
   e - Lee's Rapid Deconstruction     Earth                        5
   Trog disapproves of the use of such an item.
 P - the Disquisition on Moulding
   (You found it on level 9 of the Dungeon)

   Spells                             Type                      Level
   a - Ice Form                       Ice/Transmutation            4
   b - Blade Hands                    Transmutation                5
   c - Hydra Form                     Transmutation                6
   Trog disapproves of the use of such an item.
 T - a book of Maledictions

   Spells                             Type                      Level
   a - Corona                         Hexes                        1
   b - Ensorcelled Hibernation        Hexes/Ice                    2
   c - Confuse                        Hexes                        3
   d - Tukima's Dance                 Hexes                        3
   e - Dazzling Spray                 Conjuration/Hexes            3
   Trog disapproves of the use of such an item.
Miscellaneous
 s - a phantom mirror
 U - a lamp of fire
Comestibles
 b - 5 royal jellies
 c - 5 bread rations
 d - 8 meat rations
 A - 21 fruits
 X - 2 chunks of flesh


   Skills:
 + Level 13.2 Fighting
 * Level 17.2 Axes
 + Level 12.7 Armour
 - Level 2.1 Dodging


You had 11 spell levels left.
You didn't know any spells.

Dungeon Overview and Level Annotations

Branches:
Dungeon (11/15)              Lair (4/6) D:9          Shoals (0/4) Lair:2
    Orc (0/2) D:11
 Temple: D:4-7        Snake: Lair:2-4    Spider: Lair:2-4

Altars:
Ashenzari
Cheibriados
Fedhas
Gozag
Hepliaklqana
Kikubaaqudgha
Nemelex Xobeh
Okawaru
Sif Muna
Trog
Vehumet
Zin
The Shining One

Shops:
D:4 (   D:11 }


Innate Abilities, Weirdness & Mutations

You reflexively headbutt those who attack you in melee.
You have a pair of horns on your head.


Message History

You are too injured to fight recklessly!
You are too injured to fight recklessly!
You are too injured to fight recklessly!
You are too injured to fight recklessly!
Your crystal plate armour prevents you from hitting the wyvern.
The wyvern is lightly wounded.
You closely miss the water moccasin.
Your crystal plate armour prevents you from hitting the wolf spider.
You slash the black mamba! You miss the hornet.
You feel sick. The black mamba closely misses you. You furiously retaliate!
You headbutt the black mamba. The black mamba bites you.
* * * LOW HITPOINT WARNING * * *
You are more poisoned.
The black mamba poisons you! The hornet stings you!
* * * LOW HITPOINT WARNING * * *
The water moccasin barely misses you. The wolf spider hits you!
* * * LOW HITPOINT WARNING * * *
The wolf spider bites you but does no damage.
The wyvern bites you!
You die...

####
#sS###
#@lS.#
#Sy#....#
#((#
.....
##.. ....
#.. ...
##.. ..
.. P #..


You could see a wolf spider, a black mamba, a hornet, 2 water moccasins and a
wyvern.

Vanquished Creatures
  2 two-headed ogres
  A cyclops (D:11)
  A centaur zombie (D:11)
  8 elephants
  A rime drake (Lair:4)
  2 komodo dragons (Lair:1)
  6 spiny frogs
  3 polar bears
  A hornet (D:10)
  2 hippogriffs
  7 blink frogs
  A spriggan (Lair:4)
  2 basilisks
  Eustachio (D:5)
  25 yaks
  2 steam dragons
  An acid dragon (D:11)
  7 water moccasins
  4 porcupines
  Duvessa (D:7)
  3 black bears
  3 orc warriors
  5 sky beasts
  2 ice beasts (D:8)
  3 ogres
  8 wolves
  6 centaurs
  5 crocodiles
  4 big kobolds
  13 bullfrogs
  Dowan (D:7)
  2 gnoll sergeants
  3 scorpions
  6 killer bees (D:10)
  3 wights (D:8)
  4 crimson imps
  9 orc priests
  5 hounds
  3 jellies
  A centaur skeleton (D:5)
  Jessica (D:2)
  5 iguanas
  5 worker ants
  10 orc wizards
  2 worker ant zombies
  15 gnolls
  13 adders
  9 river rats (D:5)
  2 shadow imps
  An ooze (D:2)
  4 worms
  2 dart slugs
  5 leopard geckos
  43 orcs
  5 bats
  4 giant cockroaches
  2 goblins
  4 hobgoblins
  2 jackals (D:2)
  7 quokkas
  4 frilled lizards (D:3)
  29 kobolds
  A leopard gecko zombie (D:5)
  2 quokka skeletons (D:7)
  25 rats
  3 fungi (Lair:3)
  4 plants (Lair:3)
376 creatures vanquished.

Vanquished Creatures (collateral kills)
  4 hydras
  A basilisk (Lair:3)
  A bullfrog (Lair:3)
  A bullfrog simulacrum (D:9)
7 creatures vanquished.

Vanquished Creatures (others)
  2 fungi
  2 plants (Lair:2)
4 creatures vanquished.

Grand Total: 387 creatures vanquished

Notes
Turn   | Place    | Note
-------+----------+-------------------------------------------
     0 | D:1      | JiminyMac the Minotaur Berserker began the quest for the Orb.
     0 | D:1      | Reached XP level 1. HP: 19/19 MP: 0/0
   204 | D:1      | Reached XP level 2. HP: 27/27 MP: 1/1
   258 | D:1      | Found a glowing golden altar of the Shining One.
   407 | D:1      | Reached skill level 4 in Axes
   454 | D:2      | Noticed Jessica
   457 | D:2      | Killed Jessica
   457 | D:2      | Reached XP level 3. HP: 28/33 MP: 2/2
   862 | D:2      | Reached XP level 4. HP: 37/41 MP: 3/3
  1737 | D:3      | Reached skill level 5 in Axes
  1985 | D:3      | Reached skill level 5 in Fighting
  1989 | D:3      | Reached XP level 5. HP: 48/48 MP: 4/4
  2034 | D:3      | Reached ** piety under Trog
  2528 | D:4      | Found Oryboocy's Antique Weapon Shoppe.
  2624 | D:4      | Reached skill level 6 in Axes
  2869 | D:4      | Reached XP level 6. HP: 26/56 MP: 5/5
  3359 | D:5      | Entered Level 5 of the Dungeon
  3376 | D:5      | Noticed a sky beast
  3387 | D:5      | Killed a sky beast
  3521 | D:5      | Found a blossoming altar of Fedhas.
  3550 | D:5      | Got a twisted ring mail
  3553 | D:5      | Identified the cursed +1 ring mail of a Million Spirits {rElec Int+2 Dex+3} (You found it on level 5 of the Dungeon)
  3788 | D:5      | Reached skill level 7 in Axes
  3788 | D:5      | Reached XP level 7. HP: 63/63 MP: 6/6
  3853 | D:5      | Reached skill level 5 in Armour
  4148 | D:5      | Reached *** piety under Trog
  4270 | D:5      | Noticed Eustachio
  4279 | D:5      | Killed Eustachio
  4279 | D:5      | Reached skill level 8 in Axes
  4314 | D:5      | Found a hazy altar of Hepliaklqana.
  4395 | D:5      | Noticed a steam dragon
  4406 | D:5      | Killed a steam dragon
  4406 | D:5      | Reached XP level 8. HP: 41/73 MP: 7/7
  4895 | D:6      | Reached skill level 9 in Axes
  5269 | D:6      | Found a snail-covered altar of Cheibriados.
  5269 | D:6      | Found an iron altar of Okawaru.
  5526 | D:7      | Found a sparkling altar of Nemelex Xobeh.
  5644 | D:7      | Reached skill level 10 in Axes
  5688 | D:7      | Found an ancient bone altar of Kikubaaqudgha.
  5716 | D:7      | Found a deep blue altar of Sif Muna.
  5780 | D:7      | Found a glowing silver altar of Zin.
  5793 | D:7      | Found a shattered altar of Ashenzari.
  5852 | D:7      | Noticed Duvessa
  5853 | D:7      | Noticed Dowan
  5857 | D:7      | Killed Duvessa
  5862 | D:7      | Reached XP level 9. HP: 71/81 MP: 8/8
  5864 | D:7      | Killed Dowan
  5921 | D:7      | Reached **** piety under Trog
  6138 | D:8      | Found an opulent altar of Gozag.
  6253 | D:8      | Reached skill level 11 in Axes
  6574 | D:8      | Noticed a two-headed ogre
  6580 | D:8      | Killed a two-headed ogre
  6580 | D:8      | Reached skill level 12 in Axes
  6950 | D:9      | Reached XP level 10. HP: 92/92 MP: 9/9
  7009 | D:9      | Found a bloodstained altar of Trog.
  7130 | D:9      | Reached ***** piety under Trog
  7194 | D:9      | Found a staircase to the Lair.
  7414 | D:9      | Noticed a six-headed hydra
  7426 | D:9      | Killed a six-headed hydra
  7629 | D:9      | Identified the Disquisition on Moulding
  7732 | D:9      | Reached skill level 10 in Fighting
  8096 | D:10     | Entered Level 10 of the Dungeon
  8354 | D:10     | Noticed a two-headed ogre
  8362 | D:10     | Killed a two-headed ogre
  8362 | D:10     | Reached skill level 13 in Axes
  8911 | D:10     | Paralysed by a hornet for 2 turns
  9172 | D:11     | Reached skill level 10 in Armour
  9286 | D:11     | Found Siotodoumn's Gadget Shoppe.
  9348 | D:11     | Noticed a cyclops
  9363 | D:11     | Killed a cyclops
  9363 | D:11     | Reached skill level 14 in Axes
  9729 | D:11     | Reached XP level 11. HP: 102/102 MP: 10/10
 10156 | D:11     | Found a staircase to the Orcish Mines.
 10217 | Lair:1   | Entered Level 1 of the Lair of Beasts
 10752 | Lair:1   | Noticed a six-headed hydra
 10755 | Lair:1   | Killed a five-headed hydra
 10755 | Lair:1   | Received a gift from Trog
 10755 | Lair:1   | Reached skill level 15 in Axes
 11649 | Lair:2   | Found a radiant altar of Vehumet.
 11768 | Lair:2   | Found a staircase to the Shoals.
 12719 | Lair:3   | Reached XP level 12. HP: 112/112 MP: 11/11
 12743 | Lair:3   | Reached skill level 16 in Axes
 12865 | Lair:3   | Noticed a five-headed hydra
 12872 | Lair:3   | Killed a five-headed hydra
 12887 | Lair:3   | Noticed a four-headed hydra
 12891 | Lair:3   | Killed a four-headed hydra
 14228 | Lair:4   | Reached skill level 17 in Axes
 14243 | Lair:4   | You fall through a shaft for 2 floors!
 14243 | Lair:6   | Entered Level 6 of the Lair of Beasts
 14245 | Lair:6   | Paralysed by a hornet for 3 turns
 14249 | Lair:6   | Slain by a wyvern

Vault maps used:
D:1:      lightli_arrival_lavapool, tso_altar
D:2:      uniq_jessica
D:4:      serial_shops, nicolae_shop_competitors_out_of_business
D:5:      lemuel_ratsnest, nicolae_overflow_hidden_temple, kennysheep_mini,
          first_bread, uniq_eustachio
D:6:      kb_forest_paths, bloody_makhleb, gammafunk_temple_overflow_wave,
          yredelemnul_altar_generic, minmay_temple_entry_nine_rooms
D:7:      overflow_temple_1_default, tgw_sif, ashenzari_conservatory_becter,
          lemuel_crystal_altar, basic_altar, kennysheep_generic_room_16,
          uniq_duvessa
D:8:      lemuel_crystal_altar
D:9:      minmay_shrinking_squares, trog_ov_bears_minmay, lair_entry_dummy
D:11:     hiddenorc1_lemuel, serial_shops,
          nicolae_shop_competitors_out_of_business
Lair:1:   hibernation_bobbens, grunt_megastairs_3
Lair:2:   shoals_dummy_entry, basic_altar
Lair:3:   minivault_24, wad_woods_road_02, serial_bayou_shore_b
Lair:4:   nicolae_spider_entry_orb_guardian, forest_entry_grove,
          grunt_megastairs_2, uniq_harold
Lair:6:   hangedman_lair_caniforms_friends, hangedman_lair_tendril_chambers,
          slime_dummy, minivault_29, serial_bayou_shore_a

Skill      XL: |  1  2  3  4  5  6  7  8  9 10 11 12 |
---------------+-------------------------------------+-----
Fighting       | 4 5 6 7 8 9 11 12 13 | 13.2
Axes           | 4 5 6 7 8 10 12 14 15 17 | 17.2
Armour         | 3 4 5 7 8 10 11 12 | 12.7
Dodging        | |  2.1

Action                   |  1- 3 |  4- 6 |  7- 9 | 10-12 || total
-------------------------+-------+-------+-------+-------++-------
Melee: Hand axe          |    57 |   153 |   293 |       ||   503
       Headbutt          |     7 |    23 |    71 |   132 ||   233
       War axe           |       |       |    25 |   345 ||   370
       Battleaxe         |       |       |       |   152 ||   152
Invok: Berserk           |       |     2 |    11 |    21 ||    34
       Brothers in Arms  |       |       |       |     4 ||     4
       Burn Spellbooks   |       |       |       |     2 ||     2
       Trog's Hand       |       |       |       |     1 ||     1
  Use: Scroll            |       |     5 |     1 |    17 ||    23
       Potion            |       |     1 |       |       ||     1
  Eat: Chunk             |       |    21 |    22 |    44 ||    87
Armor: Plate armour      |    42 |    95 |   150 |    18 ||   305
       Animal skin       |     3 |       |       |       ||     3
       Crystal plate arm |       |       |       |   379 ||   379
Dodge: Dodged            |    29 |    56 |   102 |   123 ||   310
